 Dungeon Crawl Stone Soup version 0.32-a0-900-g30fb1b0edc (webtiles) character file.

Game seed: 4651693630741190946

25 Autsider the Caller (level 3, 19/19 HPs)
             Began as a Tengu Summoner on Apr 5, 2024.
             Quit the game on level 2 of the Dungeon.
             The game lasted 00:04:36 (1019 turns).

Autsider the Caller (Tengu Summoner)                Turns: 1019, Time: 00:04:37

Health: 19/19      AC:  2    Str:  8    XL:     3   Next: 4%
Magic:  8/8        EV: 26    Int: 17    God:
Gold:   54         SH:  0    Dex: 14    Spells: 6/7 levels left

rFire   . . .        i - +0 whip
rCold   . . .        (no shield)
rNeg    . . .        a - +0 robe
rPois   .            (helmet restricted)
rElec   .            (no cloak)
rCorr   .            (no gloves)
SInv    .            (boots unavailable)
Will    +....        (no amulet)
Stlth   ++           c - ring of willpower
HPRegen 0.23/turn    (no ring)
MPRegen 0.11/turn

%: acrobat
@: acrobatic
A: beak, talons 3, acrobatic
a: no special abilities


You were on level 2 of the Dungeon.
You visited 1 branch of the dungeon, and saw 2 of its levels.

You collected 54 gold pieces.

Inventory:

Hand Weapons
 i - a +0 whip (weapon)
Armour
 a - a +0 robe (worn)
Jewellery
 c - a ring of willpower (left hand)
Scrolls
 d - 3 scrolls of identify {unknown}
 f - a scroll of fear {unknown}
 h - a scroll of vulnerability {unknown}
Potions
 b - a potion of magic
 e - a potion of cancellation {unknown}
 g - a potion of enlightenment {unknown}


   Skills:
 - Level 2.1 Dodging
 - Level 2.0 Stealth
 + Level 2.6 Spellcasting
 + Level 5.4 Summonings


You had 6 spell levels left.
You knew the following spells:

 Your Spells              Type           Power      Damage    Failure   Level
a - Summon Small Mammal   Summ           80%        N/A       1%          1

Your spell library contained the following spells:

 Spells                   Type           Power      Damage    Failure   Level
 Call Imp                 Summ           40%        N/A       3%          2
 Call Canine Familiar     Summ           20%        N/A       6%          3
 Ensorcelled Hibernation  Hex/Ice        4%         N/A       28%         2
 Passwall                 Erth           2%         N/A       50%         3
 Swiftness                Air            2%         N/A       50%         3
 Animate Armour           Summ/Erth      22%        N/A       52%         4
 Summon Blazeheart Golem  Fire/Summ      11%        N/A       52%         4
 Summon Lightning Spire   Summ/Air       11%        N/A       52%         4
 Lee's Rapid Deconstruct  Erth           1%         3d4*      99%         5


Dungeon Overview and Level Annotations

Branches:
Dungeon (2/15)

Altars:


Innate Abilities, Weirdness & Mutations

You have a beak for a mouth.
You have claws for feet.
You can magically evade attacks while moving or waiting.


Message History

Search for what [Enter for "."]? .
There is an open door here.
Things that are here:
a +0 whip; a kobold corpse
i - a +0 whip Done exploring.
There's something in the way.
i - a +0 whip (weapon)
There is an open door here.
There is a stone staircase leading down here.
You climb downwards.
There is a stone staircase leading up here.
A rat comes into view.
Found 10 gold pieces.
The helpless rat fails to defend itself.
You hit the rat.
You kill the rat!
You have reached level 3!
Your experience leads to an increase in your attributes!
Increase (S)trength, (I)ntelligence, or (D)exterity?
You feel clever. x2
A rat comes into view.
A rat is nearby!
You see here 10 gold pieces.
You now have 54 gold pieces (gained 10).
The rat squeaks loudly.
You hear a loud squeak.
A rat comes into view.
The rat squeaks loudly.
You hit the rat.
You kill the rat!
You barely miss the rat. The rat barely misses you.
You closely miss the rat. Your kick misses the rat. You peck the rat.
The rat is heavily wounded.
The rat closely misses you.
You hit the rat.
You kill the rat!
No target in view!
Magic restored.
Found a robe.
Are you sure you want to abandon this character and quit the game? (Confirm with "yes".)

...... ###+## ......
#....##### ....#
#....#...# #[...##
#....#...# .......
#....#...####.......
#....+......+.......
#....#......@.......
+.........###+###...
#....#...##
#..<.....#
#.#.##...+
#.#.##...#
#.#......#
#.#####...#
#.......#..


There were no monsters in sight!

Vanquished Creatures
  A goblin (D:1)
  2 hobgoblins (D:1)
  A ball python (D:1)
  A frilled lizard (D:1)
  3 rats (D:2)
8 creatures vanquished.

Vanquished Creatures (collateral kills)
  A bat (D:1)
  2 endoplasms (D:1)
  A hobgoblin (D:1)
  4 jackals (D:1)
  3 kobolds (D:1)
  A ball python (D:1)
  A frilled lizard (D:1)
  2 rats (D:1)
15 creatures vanquished.

Grand Total: 23 creatures vanquished

Notes
Turn   | Place    | Note
-------+----------+-------------------------------------------
     0 | D:1      | Autsider the Tengu Summoner began the quest for the Orb.
     0 | D:1      | Reached XP level 1. HP: 10/10 MP: 4/4
   139 | D:1      | Reached skill level 5 in Summonings
   176 | D:1      | Reached XP level 2. HP: 15/15 MP: 3/6
   983 | D:2      | Reached XP level 3. HP: 19/19 MP: 7/7
  1019 | D:2      | Quit the game

Illustrated notes

Levels and vault maps discovered:
D:1:      shiori_arrival_oz, layout_basic, nicolae_titane
D:2:      layout_basic, dreamdust_princess_corridor, minmay_box_of_dots

Skill      XL: |  1 |
---------------+----+-----
Summonings     | 5 |  5.4
Dodging        | |  2.1
Stealth        | |  2.0
Spellcasting   | |  2.6

Action                     || total
---------------------------++-------
  Melee: Unarmed           ||    21
         Peck              ||     3
         Kick              ||     5
         Whip              ||     5
   Cast: Summon Small Mamm ||    20
   Stab: Distracted        ||     1
         Sleeping          ||     1
 Armour: Robe              ||    21
  Dodge: Dodged            ||    30

Table legend: (Time is in decaauts)
 A = Elapsed time spent in this place.
 B = Non-inter-level travel time spent in this place.
 C = Inter-level travel time spent in this place.
 D = Time resting spent in this place.
 E = Time spent auto-exploring this place.
 F = Levels seen in this place.
 G = Mean time per level.
                   A        B        C        D        E       F      G
               +--------+--------+--------+--------+--------+-----+--------+
         Total |   1018 |    984 |     34 |      0 |    761 |   2 |  509.0 |
       Dungeon |   1018 |    984 |     34 |      0 |    761 |   2 |  509.0 |
               +--------+--------+--------+--------+--------+-----+--------+

Top non-repeatable levels by time:
     D:1: 975 daAuts
     D:2: 43 daAuts
